 Dungeon Crawl Stone Soup version 0.23.0 (webtiles) character file.

Game seed: 5811344605849783560

1248 Monsterracer the Slicer (level 8, -14/43 HPs)
             Began as a Kobold Artificer on Feb 17, 2019.
             Was a Priest of Hepliaklqana.
             Blown up by Joseph (18 damage)
             ... with a wand of disintegration (8)
             ... on level 7 of the Dungeon.
             The game lasted 00:08:04 (7093 turns).

Monsterracer the Slicer (Kobold Artificer)          Turns: 7093, Time: 00:08:06

Health: -14/43     AC:  7    Str: 11    XL:     8   Next: 79%
Magic:  10/10      EV: 15    Int: 12    God:    Hepliaklqana [***...]
Gold:   347        SH:  0    Dex: 16    Spells: 7/7 levels left

rFire    + . .     SeeInvis .   a - +2 rapier (drain)
rCold    . . .     Gourm    .   (shield restricted)
rNeg     . . .     Faith    .   u - +0 ring mail (curse)
rPois    .         Spirit   .   (no helmet)
rElec    .         Reflect  .   (no cloak)
rCorr    .         Harm     .   j - +0 pair of gloves
MR       .....                  v - +0 pair of boots
Stlth    ++........             n - amulet of the acrobat
HPRegen  0.14/turn              F - ring of protection from fire
MPRegen  0.12/turn              (no ring)

@: no status effects
A: small, reduced essence, carnivore
a: Recall Ancestor, Ancestor Identity, Transference, Renounce Religion


You were on level 7 of the Dungeon.
You worshipped Hepliaklqana.
Hepliaklqana was most pleased with you.
You were completely stuffed.

You visited 1 branch of the dungeon, and saw 7 of its levels.

You collected 347 gold pieces.

Inventory:

Hand Weapons
 a - a +2 rapier of draining (weapon)
Armour
 j - a +0 pair of gloves (worn)
 u - a cursed +0 ring mail (worn)
 v - a +0 pair of boots (worn)
Jewellery
 n - an amulet of the acrobat (around neck)
 F - a ring of protection from fire (left hand)
Wands
 b - a wand of disintegration (32)
 i - a wand of random effects (15)
 l - a wand of flame (15)
 q - a wand of enslavement (14)
Scrolls
 m - a scroll of magic mapping
 p - a scroll of enchant weapon
 r - 3 scrolls of remove curse
 t - 2 scrolls of teleportation {!r}
 z - a scroll of fog
 X - 2 scrolls of blinking
Potions
 d - 4 potions of heal wounds
 e - 2 potions of curing
 g - a potion of cancellation {unknown}
 h - 2 potions of haste
 k - a potion of agility {unknown}
 o - a potion of resistance {unknown}
 s - a potion of ambrosia {unknown}
 w - a potion of brilliance {unknown}
 x - 2 potions of flight {unknown}
 y - 2 potions of lignification {unknown}
Comestibles
 c - 23 rations
 f - 2 chunks of flesh


   Skills:
 + Level 4.8 Fighting
 * Level 8.5 Short Blades
 + Level 4.8 Dodging
 + Level 5.1 Stealth
 + Level 3.5 Invocations
 - Level 3.6 Evocations


You had 7 spell levels left.
You didn't know any spells.
Your spell library contained the following spells:

 Spells                   Type           Power        Failure   Level  Hunger
 Animate Skeleton         Necr           N/A          63%         1    ##.....
 Corona                   Hex            #......      63%         1    ##.....
 Pain                     Necr           #...         63%         1    ##.....
 Slow                     Hex            #.......     77%         2    ###....
 Inner Flame              Hex/Fire       #.......     94%         3    ####...
 Portal Projectile        Hex/Tloc       #.....       94%         3    ####...
 Regeneration             Chrm/Necr      #.........   94%         3    ####...
 Vampiric Draining        Necr           #.........   94%         3    ####...
 Animate Dead             Necr           N/A          100%        4    #####..
 Cause Fear               Hex            #.........   100%        4    #####..
 Leda's Liquefaction      Hex/Erth       #.........   100%        4    #####..


Dungeon Overview and Level Annotations

Branches:
Dungeon (7/15)             Temple (0/1) D:5

Altars:
Ashenzari
Dithmenos
Hepliaklqana
Zin
Beogh

Annotations:
D:4 3 runed translucent doors, Curus's ghost, amateur MiAK
D:7 Joseph


Innate Abilities, Weirdness & Mutations

You are small and have problems with some larger weapons.
You are carnivorous and can eat meat at any time.
Your life essence is reduced to manifest your ancestor. (-10% HP)


Message History

No target in view!
HP restored.
You butcher the bullfrog corpse.
f - 4 chunks of flesh You see here a bullfrog skeleton. x2
Eating one of 4 chunks of flesh.
You eat one of the 4 chunks of flesh.
This raw flesh tastes great.
Eating one of 3 chunks of flesh.
You eat one of the 3 chunks of flesh.
This raw flesh tastes great.
Key pressed, stopping explore.
No target in view!
Health restored: 43
Found a stone staircase leading up.
You now have 342 gold pieces (gained 14).
A jackal comes into view.
Okay, then.
A jackal comes into view.
A jackal comes into view.
A jackal comes into view.
Okay, then.
Found a ration.
The helpless jackal fails to defend itself.
You perforate the jackal like a sieve!!!
You kill the jackal!
The jackal barks! x2
The jackal completely misses you.
You see here a jackal corpse.
You hit the jackal.
You kill the jackal!
You hit the jackal.
The jackal is almost dead.
The jackal bites you.
You take 1 damage, and have 42/43 hp.
You hit the jackal.
You kill the jackal!
You hit the jackal. You drain the jackal.
You kill the jackal!
No target in view!
No target in view!
Things that are here:
a jackal corpse x2
Found 13 stones.
Health restored: 43
c - 22 rations (gained 1)
Found a morningstar.
A leopard gecko skeleton comes into view.
You see here a ration.
c - 23 rations (gained 1)
You see here 5 gold pieces.
You hit the leopard gecko skeleton.
The leopard gecko skeleton is severely damaged.
The leopard gecko skeleton misses you.
You hit the leopard gecko skeleton.
You destroy the leopard gecko skeleton!
No target in view!
You swap places.
You now have 347 gold pieces (gained 5).
z - a scroll of fog No target in view!
Joseph, a Mercenary comes into view.
He is wielding a +0 quarterstaff, wearing a +1 ring mail of cold resistance and carrying a wand of disintegration (11).
Found 19 gold pieces.
Joseph is nearby!
Joseph shouts!
Joseph unwields a +0 quarterstaff.
Joseph wields a +0 hunting sling.
Joseph shoots a sling bullet.
The sling bullet misses you.
The sling bullet hits Quintus!
You see here 19 gold pieces.
Joseph shoots a sling bullet.
The sling bullet closely misses you.
The sling bullet hits Quintus!!
Quintus is destroyed!
Joseph unwields a +0 hunting sling.
Joseph wields a +0 quarterstaff.
Joseph closely misses you.
You hit Joseph.
Joseph is lightly wounded.
Joseph zaps a wand.
You are blasted!
You take 10 damage, and have 33/43 hp.
MASSIVE DAMAGE!!
You closely miss Joseph.
Joseph is lightly wounded.
Joseph zaps a wand.
You are blasted!
You take 10 damage, and have 23/43 hp.
MASSIVE DAMAGE!!
You are too injured to fight recklessly!
You puncture Joseph!
Joseph is lightly wounded.
You are too injured to fight recklessly!
You closely miss Joseph.
Joseph is lightly wounded.
Joseph zaps a wand.
You are blasted!
* * * LOW HITPOINT WARNING * * *
You take 20 damage, and have 4/43 hp.
MASSIVE DAMAGE!!
Evoke which item? (* to show all) (? for menu, Esc to quit)
Aiming: Disintegrate
Press: ? - help, Shift-Dir - straight line, f - Joseph
Aim: Joseph, wielding a +0 quarterstaff, wearing a +1 ring mail of cold resistance and carrying a wand of disintegration (8) (lightly wounded, chance to defeat MR: 64%) Joseph struggles to resist.
Joseph hits you but does no damage.
Evoke which item? (* to show all) (? for menu, Esc to quit)
Aiming: Enslavement
Press: ? - help, Shift-Dir - straight line, f/p - Joseph
Aim: Joseph, wielding a +0 quarterstaff, wearing a +1 ring mail of cold resistance and carrying a wand of disintegration (8) (lightly wounded, chance to defeat MR: 38%) Joseph resists with some effort.
Joseph zaps a wand.
You are blasted!
You die...

#.# #.. .(#.#..
#####.# #.#
####.#.# #.....#
#.# #.#.# #.#####
######.######.#.#
#.#######
#................
#..<....#
#.####.######.#.#
#.#####.# #.# #.#
#.#.# #.#
#.######.####.#
#.#)# #.#
......@@..(.(.#
#.#.# #.#
##.#####.#######
....# #.##.##.#
#.# .....
#.......# #.#
#....# #.##.####
#.# ##.#. #.##.#
..# ###.. #.##.#
### #.##.#
#.##.###


You could see Joseph.

Vanquished Creatures
  A sky beast (D:7)
  A centaur (D:5)
  4 bullfrogs
  A howler monkey (D:5)
  A crimson imp (D:5)
  3 hounds
  A jelly (D:3)
  2 orc wizards
  Natasha (D:2)
  2 worker ants (D:4)
  A killer bee zombie (D:7)
  A hound zombie (D:6)
  A worker ant zombie (D:5)
  7 adders
  2 oozes (D:2)
  5 worms
  2 dart slugs
  4 leopard geckos
  6 orcs
  A ball python (D:6)
  2 giant cockroaches
  8 goblins
  6 hobgoblins
  7 jackals
  5 quokkas
  17 bats
  3 frilled lizards
  4 kobolds
  2 leopard gecko skeletons
  10 rats
111 creatures vanquished.

Vanquished Creatures (collateral kills)
  An ogre (D:5)
  A scorpion (D:7)
  A crimson imp (D:6)
  A hound (D:6)
  An orc wizard (D:6)
  A worker ant (D:6)
  A shadow imp (D:6)
  2 worms
  4 orcs
  A giant cockroach (D:3)
  2 kobolds
16 creatures vanquished.

Vanquished Creatures (others)
  A hexer (D:7)
  An ancestor (D:3)
2 creatures vanquished.

Grand Total: 129 creatures vanquished

Notes
Turn   | Place    | Note
-------+----------+-------------------------------------------
     0 | D:1      | Monsterracer the Kobold Artificer began the quest for the
                  | Orb.
     0 | D:1      | Reached XP level 1. HP: 12/12 MP: 3/3
    20 | D:1      | HP: 5/12 [hobgoblin (2)]
   283 | D:1      | Reached skill level 2 in Short Blades
   286 | D:1      | Reached XP level 2. HP: 16/16 MP: 4/4
   808 | D:1      | Reached skill level 3 in Short Blades
  1307 | D:1      | Reached XP level 3. HP: 20/21 MP: 5/5
  1580 | D:2      | Found a shadowy altar of Dithmenos.
  1781 | D:2      | Reached XP level 4. HP: 26/26 MP: 6/6
  1867 | D:2      | Reached skill level 4 in Short Blades
  2245 | D:2      | Noticed Natasha
  2254 | D:2      | HP: 12/27 [Natasha/magic dart (4)]
  2259 | D:2      | HP: 11/27 [rat (2)]
  2276 | D:2      | Killed Natasha
  2447 | D:2      | Found a faded altar of an unknown god.
  2468 | D:2      | Became a worshipper of Hepliaklqana the Forgotten
  2468 | D:2      | Reached * piety under Hepliaklqana
  2545 | D:3      | Reached XP level 5. HP: 27/28 MP: 7/7
  2558 | D:2      | HP: 14/28 [adder (1)]
  2559 | D:2      | Reached skill level 5 in Short Blades
  2563 | D:2      | HP: 12/28 [poisoned by a kobold]
  2571 | D:2      | HP: 11/28 [poisoned by a kobold]
  2798 | D:3      | HP: 14/28 [poisoned by a kobold]
  2805 | D:3      | HP: 13/28 [poisoned by a kobold]
  2813 | D:3      | HP: 12/28 [poisoned by a kobold]
  2943 | D:3      | HP: 13/28 [goblin/stone (2)]
  2984 | D:3      | HP: 13/28 [jackal (2)]
  3674 | D:3      | Reached ** piety under Hepliaklqana
  3675 | D:3      | Remembered your ancestor Quintus as a hexer
  4032 | D:4      | Reached XP level 6. HP: 33/33 MP: 8/8
  4120 | D:4      | Reached skill level 6 in Short Blades
  4120 | D:4      | Reached skill level 1 in Invocations
  4134 | D:4      | HP: 16/33 [poisoned by a worker ant]
  4140 | D:4      | HP: 15/33 [poisoned by a worker ant]
  4148 | D:4      | HP: 14/33 [poisoned by a worker ant]
  4365 | D:4      | Found a runed translucent gate.
  4365 | D:4      | Identified the +10 hand axe of Itedo {antimagic, rF+ MP+9}
  4365 | D:4      | Noticed Curus's ghost (amateur MiAK)
  4366 | D:4      | Found a runed translucent gate.
  4367 | D:4      | Identified the +3 broad axe of Embarrassment {chop, rPois}
  4367 | D:4      | Noticed an orc warrior
  4367 | D:4      | Found a runed translucent gate.
  4373 | D:4      | Found a roughly hewn altar of Beogh.
  5119 | D:5      | Entered Level 5 of the Dungeon
  5138 | D:5      | Noticed an ogre
  5145 | D:5      | HP: 16/33 [ogre/+0 giant club (17)]
  5149 | D:5      | Killed an ogre
  5149 | D:5      | Reached XP level 7. HP: 18/37 MP: 9/9
  5729 | D:5      | Found a staircase to the Ecumenical Temple.
  5799 | D:5      | Reached skill level 7 in Short Blades
  6014 | D:6      | Found a glowing silver altar of Zin.
  6148 | D:6      | HP: 18/38 [something/magic dart (10)]
  6165 | D:6      | Reached XP level 8. HP: 25/43 MP: 10/10
  6302 | D:6      | Found a shattered altar of Ashenzari.
  6457 | D:6      | Reached *** piety under Hepliaklqana
  6774 | D:6      | Reached skill level 8 in Short Blades
  6891 | D:7      | Reached skill level 5 in Stealth
  7081 | D:7      | Noticed Joseph
  7091 | D:7      | HP: 4/43 [disintegration (20)]
  7093 | D:7      | Blown up by Joseph

Skill      XL: |  1  2  3  4  5  6  7  8 |
---------------+-------------------------+-----
Short Blades   | 2 3 4 5 6 7 8 |  8.5
Fighting       | 2 3 4 |  4.8
Stealth        | 3 4 5 |  5.1
Invocations    | 1 2 3 |  3.5
Dodging        | 3 4 |  4.8
Evocations     | |  3.6

Action                   |  1- 3 |  4- 6 |  7- 9 || total
-------------------------+-------+-------+-------++-------
Melee: Short sword       |   104 |   191 |    33 ||   328
       Rapier            |       |       |    78 ||    78
Invok: Recall Ancestor   |       |     1 |       ||     1
       Ancestor Life: He |       |     1 |       ||     1
Evoke: Wand              |       |       |     2 ||     2
  Use: Scroll            |       |    11 |     1 ||    12
       Potion            |       |       |     1 ||     1
 Stab: Sleeping          |     2 |       |     5 ||     7
       Distracted        |       |       |     2 ||     2
  Eat: Chunk             |    11 |    10 |     7 ||    28
Armor: Leather armour    |    17 |       |       ||    17
       Ring mail         |    12 |    36 |    30 ||    78
Dodge: Dodged            |    96 |   107 |    65 ||   268

Levels and vault maps discovered:
D:1:      psy_arrival_radial01, layout_basic
D:2:      minmay_razor_zed, layout_rooms, marbit_many_paths,
          chequers_ecumenical_altar_simple_redux, lightli_corner_chamber,
          uniq_natasha
D:3:      layout_basic, chequers_arboretum
D:4:      layout_cave_pods, first_ration, biasface_ghost_orc_armoury
D:5:      layout_basic, minmay_temple_entry_junction_2
D:6:      layout_basic, lemuel_crystal_altar, overflow_temple_1_default
D:7:      layout_loops_ring, grunt_livestock, minmay_misc_feat_more_columns,
          xom_shifter_show, uniq_joseph
